 Dungeon Crawl Stone Soup version 0.26.1-2-gb8aa6d0cf2 (webtiles) character file.

Game seed: 10909963974855669328

3474 sizableburger the Nimble (level 10, -11/84 HPs)
             Began as a Hill Orc Fighter on Feb 16, 2021.
             Was a Follower of Uskayaw.
             Splashed by a centaur's acid (13 damage)
             ... on level 7 of the Dungeon on Feb 17, 2021.
             The game lasted 00:19:33 (8561 turns).

sizableburger the Nimble (Hill Orc Fighter)         Turns: 8561, Time: 00:19:34

Health: -11/84     AC:  9    Str: 23    XL:     10   Next: 6%
Magic:  23/23      EV: 15    Int: 12    God:    Uskayaw [*.....]
Gold:   147        SH:  0    Dex: 13    Spells: 9/9 levels left

rFire    . . .     SeeInvis +   p - +0 dagger of Indignation {vamp, Will+ Int+4 SInv} (curse)
rCold    . . .     Faith    .   (no shield)
rNeg     . . .     Spirit   .   b - +0 scale mail
rPois    .         Reflect  .   l - +0 helmet
rElec    .         Harm     .   c - +0 cloak
rCorr    .         Rampage  .   r - +2 pair of gloves {Dex+3}
Will     +....                  (no boots)
Stlth    ..........             (no amulet)
HPRegen  0.24/turn              i - ring of magical power
MPRegen  0.18/turn              (no ring)

@: corroded
A: no striking features
a: Renounce Religion, Stomp


You were on level 7 of the Dungeon.
You worshipped Uskayaw.
Uskayaw was noncommittal.
You visited 1 branch of the dungeon, and saw 8 of its levels.

You collected 361 gold pieces.
You spent 214 gold pieces at shops.

Inventory:

Hand Weapons
 a - a +4 war axe
 p - the cursed +0 dagger of Indignation (weapon) {vamp, Will+ Int+4 SInv}
   (You found it on level 6 of the Dungeon)

   It inflicts no extra harm, but heals its wielder when it wounds a living foe.
   It affects your intelligence (+4).
   It affects your willpower, your defense against some magical effects.
   It lets you see invisible.
   It has a curse placed upon it.
Armour
 b - a +0 scale mail (worn)
 c - a +0 cloak (worn)
 l - a +0 helmet (worn)
 r - a +2 pair of gloves of dexterity (worn)
Jewellery
 i - a ring of magical power (left hand)
Wands
 e - a wand of polymorph (6)
 g - a wand of random effects (4)
Scrolls
 d - a scroll of identify
 h - 3 scrolls of amnesia
 v - a scroll of enchant weapon
Potions
 f - a potion of cancellation
 j - a potion of heal wounds {unknown}
 k - a potion of mutation
 m - a potion of berserk rage
 n - 2 potions of flight
 o - 5 potions of brilliance
 q - 2 potions of attraction
 t - 2 potions of magic


   Skills:
 + Level 6.4 Fighting
 + Level 7.6 Axes
 + Level 6.1 Armour
 - Level 10.0 Dodging
 + Level 6.6 Shields
 + Level 6.1 Invocations


You had 9 spell levels left.
You didn't know any spells.
Your spell library contained the following spells:

 Spells                   Type           Power        Failure   Level
 Magic Dart               Conj           0%           61%         1
 Searing Ray              Conj           0%           75%         2
 Dazzling Flash           Conj/Hex       0%           93%         3
 Fulminant Prism          Conj/Hex       0%           100%        4
 Iskenderun's Mystic Bla  Conj/Tloc      0%           100%        4


Dungeon Overview and Level Annotations

Branches:
Dungeon (8/15)             Temple (0/1) D:4
   Lair: D:8-11

Altars:
Ashenzari
Nemelex Xobeh
Okawaru
Ru
Uskayaw

Shops:
D:4 [

Annotations:
D:5 1 runed translucent door
D:6 Prince Ribbit
D:8 Maggie


Message History

Prince Ribbit blinks!
You don't have any such object.
Evoke which item? (* to show all) (? for menu, Esc to quit)
Huh?
Evoke which item? (* to show all) (? for menu, Esc to quit)
Okay, then.
Prince Ribbit blinks!
There is a stone staircase leading down here.
You climb downwards.
Found a scroll labelled WIUNKUMAEDI.
There is a stone staircase leading up here.
You start resting.
A centaur is nearby!
The centaur shouts!
The centaur zaps a wand.
The bolt of acid hits you. The acid corrodes you!
You are splashed with acid!
The centaur zaps a wand.
The bolt of acid hits you!!
* * * LOW HITPOINT WARNING * * *
You are splashed with acid!
You die...

.## ###### ### .. ....#
..#. ####. ...# ....
#.#.# #..# #.## # #.#.##
##### #..# #
###.###?...####..c###..#
............##.....(....
#.@............ยง(((
#<.................
#.#...#c...........
#.##.##..........#$ ...
.##........#.#. ##.#
###.###......## #.# #.
#.....## ..# # #.#.#.#
###


You could see a centaur.

Vanquished Creatures
  The ghost of Sweeb the Slasher, a novice TeMo (D:5)
  Sigmund (D:5)
  Eustachio (D:4)
  Menkaure (D:5)
  2 sky beasts
  A phantom (D:6)
  A black bear (D:6)
  2 ogres (D:5)
  Blork the orc (D:4)
  A bullfrog (D:6)
  A scorpion (D:5)
  Dowan (D:4)
  3 hounds (D:4)
  A bullfrog zombie (D:5)
  2 orc wizards
  Crazy Yiuf (D:5)
  2 orc priests (D:5)
  An iguana (D:4)
  Jessica (D:3)
  2 bullfrog skeletons
  A centaur skeleton (D:5)
  4 worker ants
  Natasha (thrice) (D:4)
  A hound skeleton (D:6)
  6 gnolls
  8 adders
  A shadow imp (D:5)
  An ufetubus (D:5)
  An ooze (D:3)
  An adder skeleton (D:4)
  2 worms
  2 dart slugs
  8 leopard geckos
  11 orcs
  5 giant cockroaches
  9 goblins
  7 hobgoblins
  7 jackals
  10 kobolds
  5 quokkas
  3 ball pythons
  7 bats
  3 frilled lizards
  A leopard gecko skeleton (D:4)
  7 rats
141 creatures vanquished.

Vanquished Creatures (collateral kills)
  An adder skeleton (D:5)
  A leopard gecko (D:5)
2 creatures vanquished.

Grand Total: 143 creatures vanquished

Notes
Turn   | Place    | Note
-------+----------+-------------------------------------------
     0 | D:1      | sizableburger the Hill Orc Fighter began the quest for the
                  | Orb.
     0 | D:1      | Reached XP level 1. HP: 19/19 MP: 1/1
    56 | D:1      | Reached XP level 2. HP: 22/26 MP: 2/2
   313 | D:1      | Reached XP level 3. HP: 30/31 MP: 3/3
  1127 | D:2      | Found a hide-covered altar of Uskayaw.
  1136 | D:2      | Became a worshipper of Uskayaw the Reveller
  1173 | D:2      | Reached * piety under Uskayaw
  1176 | D:2      | Reached XP level 4. HP: 38/39 MP: 4/4
  1313 | D:2      | Reached skill level 1 in Invocations
  1315 | D:2      | Reached ** piety under Uskayaw
  1331 | D:2      | Reached *** piety under Uskayaw
  1536 | D:2      | Found a sacrificial altar of Ru.
  1538 | D:2      | Found an iron altar of Okawaru.
  1592 | D:3      | Reached XP level 5. HP: 41/45 MP: 6/6
  1642 | D:3      | Noticed Jessica
  1682 | D:3      | Killed Jessica
  1683 | D:3      | Reached skill level 5 in Axes
  2971 | D:4      | Noticed Blork the orc
  2982 | D:4      | Killed Blork the orc
  2983 | D:4      | Reached XP level 6. HP: 25/52 MP: 0/8
  3255 | D:4      | Reached skill level 5 in Shields
  3346 | D:4      | Found a staircase to the Ecumenical Temple.
  3362 | D:4      | Noticed Natasha
  3385 | D:4      | Killed Natasha
  3427 | D:4      | Reached XP level 7. HP: 40/60 MP: 7/9
  3577 | D:4      | Noticed Eustachio
  3591 | D:4      | Killed Eustachio
  3824 | D:4      | Noticed Natasha
  3832 | D:4      | Killed Natasha
  3871 | D:4      | Noticed Dowan
  3898 | D:4      | Killed Dowan
  3899 | D:4      | Reached skill level 5 in Fighting
  4180 | D:4      | Reached skill level 5 in Armour
  4402 | D:4      | Found Voqiecepn's Armour Boutique.
  4407 | D:4      | Bought a +1 pair of gloves of dexterity for 214 gold pieces
  4419 | D:4      | Found a broken altar of Ashenzari.
  4491 | D:4      | Noticed Natasha
  4497 | D:4      | Killed Natasha
  4826 | D:5      | Entered Level 5 of the Dungeon
  4913 | D:5      | Found a runed translucent door.
  4914 | D:5      | Noticed Crazy Yiuf
  5023 | D:5      | Killed Crazy Yiuf
  5077 | D:5      | Got a crude mace
  5078 | D:5      | Identified the +0 mace of Action {freeze, Stlth+} (You
                  | found it on level 5 of the Dungeon)
  5190 | D:5      | Reached XP level 8. HP: 68/68 MP: 11/11
  5220 | D:5      | You fall into a shaft and drop 2 floors!
  5230 | D:8      | Noticed Maggie
  5232 | D:8      | Noticed a two-headed ogre
  5934 | D:5      | Found a sparkling altar of Nemelex Xobeh.
  5941 | D:5      | Reached skill level 5 in Invocations
  5952 | D:5      | Noticed Menkaure
  5959 | D:5      | Killed Menkaure
  5963 | D:5      | Noticed Sigmund
  5976 | D:5      | Reached skill level 10 in Dodging
  5976 | D:5      | Reached XP level 9. HP: 13/75 MP: 13/13
  6033 | D:5      | Found a runed translucent door.
  6417 | D:5      | Killed Sigmund
  6653 | D:5      | Found a runed translucent door.
  6663 | D:5      | Noticed Sweeb's ghost (novice TeMo)
  7232 | D:5      | Reached **** piety under Uskayaw
  7233 | D:5      | Killed Sweeb's ghost
  7333 | D:6      | Noticed Prince Ribbit
  7459 | D:6      | Reached XP level 10. HP: 84/84 MP: 14/14
  7550 | D:6      | Got a translucent dagger
  7551 | D:6      | Identified the cursed +0 dagger of Indignation {vamp, Will+
                  | Int+4 SInv} (You found it on level 6 of the Dungeon)
  8561 | D:7      | HP: 2/84 [centaur/bolt of acid (24)]
  8561 | D:7      | Splashed by a centaur's acid

Illustrated notes

Levels and vault maps discovered:
D:1:      minmay_arrival_loop, layout_rooms, glass_columns_a,
          kennysheep_small_spiral, chequers_big_river
D:2:      layout_rooms, lemuel_crystal_altar, nicolae_overflow_hidden_temple
D:3:      layout_loops_ring, nrook_mini_vaults, chequers_serial_rivers_micro_e,
          minmay_misc_feat_doors, uniq_jessica
D:4:      layout_loops_ring, ashenzari_conservatory_becter,
          minmay_temple_entry_large_hall, serial_shops, kennysheep_mini_moat,
          serial_glass, glass_columns_a, glass_columns_a, due_unseen_surprise,
          item_on_display_b, feat_on_display, feat_on_display,
          minmay_fractal_squares_5, uniq_duvessa, uniq_eustachio, uniq_natasha,
          uniq_blork_the_orc
D:5:      layout_basic, nemelex_xobeh_ov_fountains_minmay, serial_rivers,
          chequers_serial_rivers_large_a, chequers_serial_rivers_large_b,
          chequers_serial_rivers_room_b, chequers_serial_rivers_micro_a,
          ebering_ghost_sewer_f, uniq_crazy_yiuf_cottage, uniq_menkaure,
          uniq_sigmund
D:6:      layout_loops_ring, lemuel_doored_altar, ebering_ghost_inner_flame,
          uniq_prince_ribbit1
D:7:      layout_loops_ring, grunt_gozag_breadcrumbs, nzn_wu_jian_contemplation,
          lemuel_mausoleum_altar_yredelemnul
D:8:      layout_basic, nicolae_tso_carved_into_rock, due_unseen_surprise,
          uniq_maggie, uniq_maurice

Skill      XL: |  1  2  3  4  5  6  7  8  9 |
---------------+----------------------------+-----
Axes           | 3 4 5 6 7 |  7.6
Shields        | 4 5 6 |  6.6
Invocations    | 1 2 3 4 5 6 |  6.1
Fighting       | 4 5 6 |  6.4
Armour         | 4 5 6 |  6.1
Dodging        | 10 | 10.0

Action                   |  1- 3 |  4- 6 |  7- 9 | 10-12 || total
-------------------------+-------+-------+-------+-------++-------
Melee: War axe           |   102 |   214 |   168 |    14 ||   498
       Dagger            |       |       |       |   193 ||   193
Invok: Stomp             |       |     5 |     4 |     1 ||    10
Evoke: Wand              |       |       |    13 |    11 ||    24
  Use: Scroll            |       |     6 |    11 |       ||    17
       Potion            |       |     4 |     4 |     2 ||    10
 Stab: Paralysed         |       |     2 |     5 |       ||     7
Armor: Scale mail        |    48 |   117 |    63 |    57 ||   285
Dodge: Dodged            |    41 |   107 |   107 |   114 ||   369
Block: Kite shield       |    54 |    42 |       |       ||    96
